 Dungeon Crawl Stone Soup version 0.28-a0-1233-g92def6ad0a (webtiles) character file.

Game seed: 5225779070781214925

1960 BinkBink the Ducker (level 9, -4/73 HPs)
             Began as a Gnoll Monk on Dec 23, 2021.
             Was a High Priest of Sif Muna.
             Slain by a scorpion (9 damage)
             ... on level 6 of the Dungeon.
             The game lasted 00:17:58 (9139 turns).

BinkBink the Ducker (Gnoll Monk)                    Turns: 9139, Time: 00:18:00

Health: -4/73      AC:  3    Str: 10    XL:     9   Next: 19%
Magic:  15/15      EV: 16    Int: 12    God:    Sif Muna [*****.]
Gold:   317        SH:  0    Dex: 15    Spells: 16/16 levels left

rFire   . . .      SeeInvis .   j - +2 hand axe (freeze)
rCold   . . .      Faith    .   (no shield)
rNeg    . . .      Spirit   .   b - +1 robe
rPois   .          Reflect  .   (no helmet)
rElec   .          Harm     .   (no cloak)
rCorr   .          Rampage  .   (no gloves)
Will    .....                   (no boots)
Stlth   +++.......              (no amulet)
HPRegen 0.22/turn               (no ring)
MPRegen 0.14/turn               (no ring)

@: no status effects
A: fangs 1, strong nose, distributed training, talons 1, weak 1
a: Renounce Religion, Channel Magic, Forget Spell, Divine Exegesis


You were on level 6 of the Dungeon.
You worshipped Sif Muna.
Sif Muna was extremely pleased with you.
You visited 1 branch of the dungeon, and saw 6 of its levels.
You also visited: Sewer.

You collected 317 gold pieces.

Inventory:

Hand Weapons
 a - a +0 falchion
 j - a +2 hand axe of freezing (weapon)
Armour
 b - a +1 robe (worn)
 p - a +0 chain mail
Jewellery
 k - a ring of wizardry
 r - a ring of magical power
 t - a ring of poison resistance
Wands
 c - a wand of iceblast (2)
Scrolls
 d - a scroll of silence
 e - a scroll of enchant armour
 m - 2 scrolls of summoning
 q - a scroll of immolation {unknown}
 s - a scroll of magic mapping
Potions
 g - a potion of curing
 i - 2 potions of brilliance
 o - a potion of mutation


   Skills:
 + Level 7.7 Fighting
 + Level 4.0 Short Blades
 + Level 7.7 Long Blades
 + Level 4.0 Axes
 + Level 4.0 Maces & Flails
 + Level 4.0 Polearms
 + Level 4.0 Staves
 + Level 4.0 Slings
 + Level 4.0 Bows
 + Level 4.0 Crossbows
 + Level 4.0 Throwing
 + Level 4.0 Armour
 + Level 7.7 Dodging
 + Level 5.8 Stealth
 + Level 4.0 Shields
 + Level 4.0 Unarmed Combat
 + Level 4.0 Spellcasting
 + Level 3.3 Conjurations
 + Level 3.3 Hexes
 + Level 3.3 Summonings
 + Level 3.3 Necromancy
 + Level 3.3 Translocations
 + Level 3.3 Transmutations
 + Level 3.3 Fire Magic
 + Level 3.3 Ice Magic
 + Level 3.3 Air Magic
 + Level 3.3 Earth Magic
 + Level 3.3 Poison Magic
 + Level 4.4 Invocations
 + Level 4.0 Evocations


You had 16 spell levels left.
You didn't know any spells.
Your spell library contained the following spells:

 Spells                   Type           Power      Damage    Failure   Level
 Slow                     Hex            40%        N/A       6%          1
 Confusing Touch          Hex            10%        N/A       17%         3
 Ignite Poison            Fire/Tmut/Pois 10%        N/A       17%         3
 Mephitic Cloud           Conj/Pois/Air  10%        N/A       17%         3
 Freezing Cloud           Conj/Ice/Air   5%         6-21      85%         5
 Yara's Violent Unravell  Hex/Tmut       5%         3d4       85%         5


Dungeon Overview and Level Annotations

Branches:
Dungeon (6/15)              Sewer (visited)
 Temple: D:4-7

Altars:
Dithmenos
Fedhas
Hepliaklqana
Okawaru
Qazlal
Ru
Sif Muna
Uskayaw
Wu Jian

Annotations:
D:6 Dowan, Duvessa


Innate Abilities, Weirdness & Mutations

You have very sharp teeth.
Your uncanny sense of smell can sniff out nearby items.
Your experience applies equally to all skills.
You have sharp toenails.
You are weak. (Str -2)


Message History

The troll barely misses you. The troll claws you!
The troll completely misses you.
You feel much better.
The bullfrog skeleton closely misses you.
The troll closely misses you. x3; The bullfrog skeleton hits you.
You barely miss the troll.
The troll is heavily wounded.
You hit the bullfrog skeleton. The troll bites you! The troll claws you.
The troll barely misses you.
You completely miss the troll. You claw the troll.
You bite the troll, but do no damage.
The troll is heavily wounded.
You hit the scorpion but do no damage. The troll barely misses you.
The troll closely misses you. The troll claws you but does no damage.
The scorpion misses you.
You hit the troll but do no damage. You claw the troll, but do no damage.
You bite the troll, but do no damage.
The troll is heavily wounded.
You barely miss the scorpion. The scorpion closely misses you.
The troll closely misses you. The troll claws you.
The troll closely misses you.
The bullfrog skeleton completely misses you.
You hit the troll but do no damage.
The troll is heavily wounded.
You hit the scorpion. You freeze the scorpion.
You hit the bullfrog skeleton but do no damage.
The scorpion misses you.
The bullfrog skeleton closely misses you.
The troll bites you! The troll claws you!
* * * LOW HITPOINT WARNING * * *
The troll closely misses you. The scorpion stings you.
* * * LOW HITPOINT WARNING * * *
You feel much better.
The bullfrog skeleton barely misses you.
The troll bites you!
* * * LOW HITPOINT WARNING * * *
The troll claws you!
* * * LOW HITPOINT WARNING * * *
The troll completely misses you. The scorpion stings you!
You die...

.. .. # . .# # .
#.# #> . ######.#
#.## #.Z.#..## #...
#@s.....# ##..
##T.....# #...
##......# #...
#.......# .#...
#.......## .##...
##.......##.##....
###...†......Z...
##...#...........
###..............#.


You could see a troll, a scorpion and a bullfrog skeleton.

Vanquished Creatures
  A two-headed ogre (D:5)
  A sky beast (D:6)
  An ice beast (D:5)
  3 ogres
  A kobold brigand (D:6)
  A bullfrog (Sewer)
  2 scorpions
  A howler monkey (D:6)
  A hound (D:5)
  2 bullfrog skeletons (D:5)
  A jelly (D:5)
  2 orc priests
  3 orc wizards
  3 iguanas (D:5)
  A hound skeleton (D:4)
  7 gnolls
  10 adders
  2 worms (D:2)
  3 dart slugs
  15 orcs
  13 ball pythons
  3 bats
  12 endoplasms
  17 giant cockroaches
  5 hobgoblins
  8 kobolds
  21 quokkas
  16 frilled lizards
  4 goblins
  5 rats
165 creatures vanquished.

Vanquished Creatures (others)
  An orc (D:6)
  4 plants
5 creatures vanquished.

Grand Total: 170 creatures vanquished

Notes
Turn   | Place    | Note
-------+----------+-------------------------------------------
     0 | D:1      | BinkBink the Gnoll Monk began the quest for the Orb.
     0 | D:1      | Reached XP level 1. HP: 23/23 MP: 1/1
   255 | D:1      | Reached XP level 2. HP: 27/29 MP: 2/2
   301 | D:1      | Found a faded altar of an unknown god.
   306 | D:1      | Prayed at the altar of an unknown god.
   306 | D:1      | Became a worshipper of Sif Muna the Loreminder
   306 | D:1      | Reached * piety under Sif Muna
   306 | D:1      | Reached ** piety under Sif Muna
   347 | D:1      | Reached *** piety under Sif Muna
   471 | D:1      | Reached XP level 3. HP: 35/35 MP: 3/3
  1137 | D:2      | Reached skill level 1 in Invocations
  1519 | D:2      | Reached skill level 1 in Short Blades
  1519 | D:2      | Reached skill level 1 in Axes
  1519 | D:2      | Reached skill level 1 in Maces & Flails
  1519 | D:2      | Reached skill level 1 in Polearms
  1519 | D:2      | Reached skill level 1 in Staves
  1519 | D:2      | Reached skill level 1 in Slings
  1519 | D:2      | Reached skill level 1 in Bows
  1519 | D:2      | Reached skill level 1 in Crossbows
  1519 | D:2      | Reached skill level 1 in Throwing
  1519 | D:2      | Reached skill level 1 in Armour
  1519 | D:2      | Reached skill level 1 in Shields
  1519 | D:2      | Reached skill level 1 in Unarmed Combat
  1519 | D:2      | Reached skill level 1 in Spellcasting
  1519 | D:2      | Reached skill level 1 in Evocations
  2102 | D:2      | Reached XP level 4. HP: 27/41 MP: 5/5
  2149 | D:2      | Gained mutation: You are weak. (Str -2) [potion of
                  | mutation]
  2149 | D:2      | Gained mutation: You have sharp toenails. [potion of
                  | mutation]
  2154 | D:2      | HP: 1/41 [gnoll (3)]
  2840 | D:3      | Reached skill level 1 in Conjurations
  2840 | D:3      | Reached skill level 1 in Hexes
  2840 | D:3      | Reached skill level 1 in Summonings
  2840 | D:3      | Reached skill level 1 in Necromancy
  2840 | D:3      | Reached skill level 1 in Translocations
  2840 | D:3      | Reached skill level 1 in Transmutations
  2840 | D:3      | Reached skill level 1 in Fire Magic
  2840 | D:3      | Reached skill level 1 in Ice Magic
  2840 | D:3      | Reached skill level 1 in Air Magic
  2840 | D:3      | Reached skill level 1 in Earth Magic
  2840 | D:3      | Reached skill level 1 in Poison Magic
  2968 | D:3      | Noticed a water elemental
  2970 | D:3      | Found a stormy altar of Qazlal.
  2971 | D:3      | Noticed a fire elemental
  2971 | D:3      | Noticed an air elemental
  2971 | D:3      | Noticed an earth elemental
  3065 | D:3      | Found a shimmering blue altar of Sif Muna.
  3077 | D:3      | Reached XP level 5. HP: 36/47 MP: 5/7
  3952 | D:4      | Found a hazy altar of Hepliaklqana.
  4045 | D:3      | Reached XP level 6. HP: 20/53 MP: 8/8
  4795 | D:5      | Entered Level 5 of the Dungeon
  4795 | D:5      | Noticed a two-headed ogre
  5388 | D:5      | Found an ornate altar of the Wu Jian Council.
  5390 | D:5      | Noticed an ice beast
  5461 | D:5      | Reached XP level 7. HP: 47/59 MP: 10/10
  6086 | D:5      | Found an iron altar of Okawaru.
  6392 | D:5      | Reached skill level 5 in Stealth
  6806 | D:5      | Killed a two-headed ogre
  6807 | D:5      | Reached XP level 8. HP: 67/67 MP: 11/13
  6824 | D:5      | Found a sacrificial altar of Ru.
  6973 | D:6      | Found a blossoming altar of Fedhas.
  6983 | D:6      | Noticed Dowan
  6987 | D:6      | Noticed Duvessa
  7125 | D:6      | Found a glowing drain.
  7129 | Sewer    | Entered a sewer
  7375 | Sewer    | Reached **** piety under Sif Muna
  7717 | Sewer    | Reached ***** piety under Sif Muna
  8421 | D:6      | Reached XP level 9. HP: 72/72 MP: 14/14
  8566 | D:6      | Found a shadowy altar of Dithmenos.
  8660 | D:6      | Received a gift from Sif Muna
  8871 | D:6      | Found a hide-covered altar of Uskayaw.
  9120 | D:6      | Noticed a troll
  9139 | D:6      | Slain by a scorpion

Illustrated notes

Levels and vault maps discovered:
D:1:      dpeg_arrival_stone_temple_mockup, layout_basic,
          shapermc_ecumenical_altar_mp_ritualfount
D:2:      layout_loops_ring
D:3:      layout_loops_ring, kennysheep_orc_sif_temple,
          nicolae_qazlal_style_of_elements
D:4:      layout_loops_ring, nicolae_hepliaklqana_hazy_memory
D:5:      layout_layer_cave, mainiacjoe_overflow_boulevard,
          mainiacjoe_overflow_paths, mainiacjoe_overflow_alcove_4,
          serial_bayou_lagoon_b
D:6:      layout_cave_pools, mainiacjoe_overflow_concentric_impassable,
          lemuel_crystal_altar, marbit_many_paths,
          mainiacjoe_overflow_tiny_flanked, gup_sewer_entry_bowl, uniq_duvessa

Skill      XL: |  1  2  3  4  5  6  7  8  9 |
---------------+----------------------------+-----
Invocations    | 1 2 3 4 |  4.4
Short Blades   | 1 2 3 4 |  4.0
Axes           | 1 2 3 4 |  4.0
Maces & Flails | 1 2 3 4 |  4.0
Polearms       | 1 2 3 4 |  4.0
Staves         | 1 2 3 4 |  4.0
Slings         | 1 2 3 4 |  4.0
Bows           | 1 2 3 4 |  4.0
Crossbows      | 1 2 3 4 |  4.0
Throwing       | 1 2 3 4 |  4.0
Armour         | 1 2 3 4 |  4.0
Shields        | 1 2 3 4 |  4.0
Unarmed Combat | 1 2 3 4 |  4.0
Spellcasting   | 1 2 3 4 |  4.0
Evocations     | 1 2 3 4 |  4.0
Conjurations   | 1 2 3 |  3.3
Hexes          | 1 2 3 |  3.3
Summonings     | 1 2 3 |  3.3
Necromancy     | 1 2 3 |  3.3
Translocations | 1 2 3 |  3.3
Transmutations | 1 2 3 |  3.3
Fire Magic     | 1 2 3 |  3.3
Ice Magic      | 1 2 3 |  3.3
Air Magic      | 1 2 3 |  3.3
Earth Magic    | 1 2 3 |  3.3
Poison Magic   | 1 2 3 |  3.3
Fighting       | 7 |  7.7
Long Blades    | 7 |  7.7
Dodging        | 7 |  7.7
Stealth        | 5 |  5.8

Action                   |  1- 3 |  4- 6 |  7- 9 || total
-------------------------+-------+-------+-------++-------
Melee: Falchion          |   111 |   128 |       ||   239
       Bite              |    15 |    13 |    31 ||    59
       Punch             |     2 |     1 |     1 ||     4
       Kick              |       |    33 |    69 ||   102
       Hand axe          |       |    23 |   298 ||   321
Evoke: Wand              |       |       |     4 ||     4
  Use: Scroll            |       |     6 |     5 ||    11
       Potion            |       |     4 |     7 ||    11
 Stab: Sleeping          |    10 |     2 |     3 ||    15
       Distracted        |     1 |       |     1 ||     2
Armor: Robe              |    10 |    15 |    45 ||    70
Dodge: Dodged            |    74 |    97 |   236 ||   407

Table legend: (Time is in decaauts)
 A = Elapsed time spent in this place.
 B = Non-inter-level travel time spent in this place.
 C = Inter-level travel time spent in this place.
 D = Time resting spent in this place.
 E = Time spent auto-exploring this place.
 F = Levels seen in this place.
 G = Mean time per level.
                   A        B        C        D        E       F      G
               +--------+--------+--------+--------+--------+-----+--------+
         Total |   9278 |   8972 |    306 |      0 |   6538 |   7 | 1325.4 |
       Dungeon |   8368 |   8062 |    306 |      0 |   6012 |   6 | 1394.7 |
         Sewer |    910 |    910 |      0 |      0 |    525 |   1 |  910.0 |
               +--------+--------+--------+--------+--------+-----+--------+

Top non-repeatable levels by time:
     D:5: 2591 daAuts
     D:2: 1426 daAuts
     D:1: 1397 daAuts
     D:4: 1109 daAuts
     D:3: 968 daAuts
   Sewer: 910 daAuts
     D:6: 874 daAuts
